 Dungeon Crawl Stone Soup version 0.20-a0-555-gf6ae02d (webtiles) character file.

26161 Lahna the Pandemonic (level 12, -5/114 HPs)
             Began as a Deep Dwarf Necromancer on Feb 4, 2017.
             Was a High Priest of Makhleb.
             Slain by an eight-headed hydra (6 damage)
             ... on level 4 of the Lair of Beasts.
             The game lasted 01:00:31 (13212 turns).

Lahna the Pandemonic (Deep Dwarf Necromancer)      Turns: 13212, Time: 01:00:32

Health: -5/114     AC: 10    Str: 12    XL:     12   Next: 95%
Magic:  21/23      EV: 19    Int: 24    God:    Makhleb [*****.]
Gold:   746        SH:  0    Dex: 13    Spells: 6/25 levels left

rFire    . . .     SeeInvis .   C - +3 eveningstar (crush)
rCold    . . .     Gourm    .   s - +2 robe {MR+}
rNeg     . . .     Faith    .   (no shield)
rPois    .         Spirit   .   a - +2 helmet {Int+3}
rElec    .         Reflect  .   h - +0 cloak
rCorr    .         Harm     .   P - +0 pair of gloves
MR       ++...                  R - +0 pair of boots
Stlth    ++........             K - amulet of magic regeneration
Regen    0.0/turn               V - ring of magical power
                                v - +3 ring of evasion

@: non-regenerating, drained
A: damage resistance, recharge devices, hooves 1, mutation resistance 1, sense
surroundings 2, slow regeneration 3
a: Heal Wounds, Minor Destruction, Lesser Servant of Makhleb, Major Destruction,
Greater Servant of Makhleb, Renounce Religion


You were on level 4 of the Lair of Beasts.
You worshipped Makhleb.
Makhleb was extremely pleased with you.
You were not hungry.

You visited 3 branches of the dungeon, and saw 14 of its levels.
You also visited: Sewer.

You collected 812 gold pieces.
You spent 66 gold pieces at shops.

Inventory:

Hand Weapons
 C - a +3 eveningstar of crushing (weapon)
Armour
 a - a +2 helmet of intelligence (worn)
 h - a +0 cloak (worn)
 q - a +0 robe of cold resistance
 s - a +2 robe of magic resistance (worn)
 P - a +0 pair of gloves (worn)
 R - a +0 pair of boots (worn)
Jewellery
 e - an uncursed ring of magical power
 v - a +3 ring of evasion (left hand)
 B - an uncursed ring of ice
 K - an amulet of magic regeneration (around neck)
 V - a ring of magical power (right hand)
Wands
 w - a wand of lightning (8/15)
 I - a wand of iceblast (3/15)
 L - a wand of acid (14/15)
Scrolls
 g - 9 scrolls of teleportation
 k - 5 scrolls of fog
 p - 3 scrolls of remove curse
 r - 2 scrolls of magic mapping
 t - a scroll of identify
 u - 2 scrolls of recharging
 x - 3 scrolls of immolation
 y - 2 scrolls of amnesia
 U - 2 scrolls of fear
Potions
 d - 2 potions of berserk rage
 f - 3 potions of flight
 i - 6 potions of curing
 l - 2 potions of brilliance
 n - a potion of ambrosia
 o - a potion of cancellation {unknown}
 z - a potion of cure mutation
 A - 4 potions of might
 D - 2 potions of heal wounds
 F - a potion of invisibility
 M - a potion of lignification
 N - 2 potions of agility
 T - 2 potions of haste
 W - 2 potions of resistance
Books
 b - a book of Necromancy

   Spells                             Type                      Level
   a - Pain                           Necromancy                   1
   b - Animate Skeleton               Necromancy                   1
   c - Vampiric Draining              Necromancy                   3
   d - Regeneration                   Charms/Necromancy            3
   e - Animate Dead                   Necromancy                   4
   f - Control Undead                 Necromancy                   4
 j - a book of Enchantments

   Spells                             Type                      Level
   a - Cause Fear                     Hexes                        4
   b - Yara's Violent Unravelling     Hexes/Transmutation          5
   c - Silence                        Hexes/Air                    5
   d - Deflect Missiles               Charms/Air                   6
   e - Discord                        Hexes                        8
 S - a book of Beasts

   Spells                             Type                      Level
   a - Summon Butterflies             Summoning                    1
   b - Call Canine Familiar           Summoning                    3
   c - Summon Ice Beast               Ice/Summoning                4
   d - Summon Mana Viper              Hexes/Summoning              5
   e - Summon Hydra                   Summoning                    7
Comestibles
 c - 10 bread rations
 m - 8 meat rations
 E - 4 chunks of flesh
 G - 11 royal jellies


   Skills:
 + Level 9.3(8.2) Fighting
 - Level 7.0(6.0) Maces & Flails
 - Level 9.0(7.9) Dodging
 - Level 3.0(2.1) Stealth
 - Level 7.0(6.0) Spellcasting
 - Level 7.0(6.0) Summonings
 + Level 10.7(9.5) Necromancy
 - Level 11.0(9.9) Invocations


You had 6 spell levels left.
You knew the following spells:

 Your Spells              Type           Power        Failure   Level  Hunger
a - Pain                  Necr           ####         1%          1    None
b - Animate Skeleton      Necr           N/A          1%          1    None
c - Vampiric Draining     Necr           ######....   1%          3    #......
d - Animate Dead          Necr           N/A          1%          4    ###....
e - Summon Hydra          Summ           #####.....   100%        7    #######
f - Call Canine Familiar  Summ           #####...     1%          3    #......


Dungeon Overview and Level Annotations

Branches:
Dungeon (9/15)             Temple (1/1) D:6            Lair (4/6) D:9
  Swamp (0/4) Lair:3        Snake (0/4) Lair:3
    Orc: D:9-12

Altars:
Ashenzari
Cheibriados
Fedhas
Kikubaaqudgha
Makhleb
Nemelex Xobeh
Okawaru
Qazlal
Sif Muna
Trog
Vehumet
Xom
Yredelemnul
Zin

Shops:
D:7 ?   D:8 *   D:9 %

Annotations:
D:3 Grinder
Lair:1 exclusion: oklob plant


Innate Abilities, Weirdness & Mutations

You are resistant to damage.
You can recharge devices by infusing magical energy.
You passively map the area around you.
You do not regenerate.
You have large cloven feet.
You are somewhat resistant to further mutation.


Message History

The eight-headed hydra closely misses you.
The eight-headed hydra bites you.
Your smoke demon hits the eight-headed hydra.
Your smoke demon barely misses the eight-headed hydra.
Your smoke demon hits the eight-headed hydra.
Use which ability? (? or * to list)
You feel much better.
Your hound bites the eight-headed hydra.
The eight-headed hydra completely misses you.
The eight-headed hydra bites you!
* * * LOW HITPOINT WARNING * * *
The eight-headed hydra bites you!
* * * LOW HITPOINT WARNING * * *
The eight-headed hydra misses you. The eight-headed hydra bites you!
* * * LOW HITPOINT WARNING * * *
The eight-headed hydra barely misses you.
The eight-headed hydra bites you!
* * * LOW HITPOINT WARNING * * *
The eight-headed hydra bites you!
You die...

.###........##..........#
###.......####..........##
##.........# #...........#
...........###..........##
...........##...........##
...#.##....###...........#
....#|.#.#..#...........##
...#.##.#................#
#..#.###.#.......@.......#
....#.###.#....3D......>##
....#.###.#.....h.......#
...#.###.#.....P#.#...#.#
#..#.##.#......####.##..#*
#...#..#.#...... #..P##.P#
.....##........###....+.##
...............###...#...#
#......P.......#.....##.##


You could see an eight-headed hydra, a friendly smoke demon and a friendly
hound.

Vanquished Creatures
  Josephine (Lair:4)
  3 hydras (Lair:4)
  A two-headed ogre (D:8)
  A death yak (D:9)
  Urug (Lair:2)
  A lindwurm (Lair:4)
  Pikel (D:7)
  5 elephants
  3 black mambas
  5 spiny frogs
  3 komodo dragons
  A rime drake (Lair:4)
  3 polar bears (Lair:1)
  A merfolk (D:9)
  A queen bee (Lair:4)
  3 meliai (Lair:4)
  A tyrant leech (Lair:3)
  A blink frog (Lair:2)
  6 hippogriffs
  4 dream sheep (Lair:4)
  Sigmund (D:5)
  2 spriggans (Lair:3)
  2 wyverns (Lair:4)
  5 yaks (Lair:3)
  5 wraiths (Lair:4)
  A basilisk (Lair:4)
  4 nagas (Lair:3)
  3 swamp worms (Lair:3)
  10 water moccasins
  6 porcupines
  5 black bears (Lair:1)
  3 ice beasts
  An orc warrior (D:9)
  A hornet zombie (D:8)
  5 centaurs
  8 crocodiles
  2 big kobolds
  13 bullfrogs
  A wyvern skeleton (D:7)
  31 killer bees
  6 wights
  2 howler monkeys
  2 crimson imps
  5 hounds
  A centaur zombie (D:5)
  5 orc priests
  4 iguanas
  5 orc wizards (D:9)
  A worker ant (D:5)
  A killer bee zombie (D:9)
  A worker ant zombie (D:8)
  10 adders
  7 gnolls
  A river rat (Lair:4)
  A worm (D:4)
  4 dart slugs
  10 leopard geckos
  17 orcs
  2 ball pythons (Sewer)
  6 giant cockroaches
  8 goblins
  5 hobgoblins
  11 jackals
  16 kobolds
  6 quokkas
  2 bats
  6 frilled lizards
  A jackal skeleton (D:6)
  A jackal zombie (D:8)
  2 quokka skeletons
  2 quokka zombies
  12 rats
318 creatures vanquished.

Vanquished Creatures (collateral kills)
  A mana viper (Lair:3)
  A black mamba (Lair:4)
  2 spiny frogs (Lair:4)
  2 dream sheep (Lair:4)
  2 blink frogs (Lair:2)
  A spriggan (Lair:3)
  A yak (Lair:3)
  A porcupine (Lair:1)
  A water moccasin (Lair:2)
  Purgy (D:3)
  A crocodile (Lair:2)
  4 killer bees (Lair:4)
  A crimson imp (D:3)
  A frilled lizard (D:5)
  A fungus (Lair:2)
  A plant (Lair:3)
22 creatures vanquished.

Vanquished Creatures (others)
  A slave (D:7)
  6 fungi
  16 plants
23 creatures vanquished.

Grand Total: 363 creatures vanquished

Notes
Turn   | Place    | Note
-------+----------+-------------------------------------------
     0 | D:1      | Lahna the Deep Dwarf Necromancer began the quest for the Orb.
     0 | D:1      | Reached XP level 1. HP: 15/15 MP: 3/3
   125 | D:1      | Learned a level 1 spell: Animate Skeleton
   237 | D:1      | Reached XP level 2. HP: 13/22 MP: 2/4
  1038 | D:2      | Reached XP level 3. HP: 20/28 MP: 0/6
  1044 | D:2      | Learned a level 3 spell: Vampiric Draining
  1256 | D:2      | You fall through a shaft for 2 floors!
  1516 | D:3      | Found a glowing drain.
  1539 | Sewer    | Entered a sewer
  1572 | Sewer    | Reached XP level 4. HP: 29/36 MP: 0/7
  1590 | Sewer    | Noticed Purgy
  1776 | D:3      | Reached skill level 1 in Maces & Flails
  1776 | D:3      | Reached skill level 5 in Necromancy
  2254 | D:3      | Reached XP level 5. HP: 30/42 MP: 3/7
  2571 | D:3      | Killed Purgy
  2583 | D:3      | Reached skill level 1 in Fighting
  2849 | D:3      | Noticed Grinder
  2858 | D:3      | Paralysed by Grinder for 3 turns
  2877 | D:3      | Paralysed by Grinder for 4 turns
  3296 | D:2      | Reached XP level 6. HP: 49/51 MP: 1/8
  3820 | D:4      | Got a translucent battleaxe
  3821 | D:4      | Identified the cursed +0 battleaxe of Anxiety {protect, rElec MR+ Dex-2} (You found it on level 4 of the Dungeon)
  4373 | D:4      | You fall through a shaft for 2 floors!
  4677 | D:6      | Found a staircase to the Ecumenical Temple.
  4706 | Temple   | Entered the Ecumenical Temple
  4749 | Temple   | Became a worshipper of Makhleb the Destroyer
  4912 | D:6      | Reached skill level 1 in Invocations
  4912 | D:6      | Reached XP level 7. HP: 47/58 MP: 0/10
  4990 | D:5      | Entered Level 5 of the Dungeon
  5085 | D:5      | Reached skill level 2 in Invocations
  5477 | D:5      | Gained mutation: You are somewhat resistant to further mutation. [potion of beneficial mutation]
  5478 | D:5      | Gained mutation: You have large cloven feet. [potion of beneficial mutation]
  5563 | D:5      | Noticed Sigmund
  5663 | D:5      | Killed Sigmund
  5663 | D:5      | Reached skill level 3 in Invocations
  5663 | D:5      | Reached XP level 8. HP: 60/68 MP: 6/9
  6099 | D:7      | HP: 3/69 [wyvern skeleton (11)]
  6112 | D:7      | Found Qekhacopp's Magic Scroll Emporium.
  6120 | D:7      | Bought a scroll of teleportation for 33 gold pieces
  6120 | D:7      | Bought a scroll of teleportation for 33 gold pieces
  6201 | D:7      | Reached skill level 4 in Invocations
  6252 | D:7      | Reached * piety under Makhleb
  6444 | D:7      | Noticed Pikel
  6522 | D:7      | Killed Pikel
  6522 | D:7      | Reached skill level 5 in Invocations
  6522 | D:7      | Gained mutation: You passively map the area around you. [Deep Dwarf growth]
  6522 | D:7      | Reached XP level 9. HP: 36/78 MP: 2/11
  6761 | D:8      | Reached skill level 5 in Maces & Flails
  6839 | D:8      | Reached skill level 5 in Spellcasting
  6912 | D:8      | Learned a level 4 spell: Animate Dead
  6939 | D:8      | Reached skill level 6 in Invocations
  6955 | D:8      | Noticed a two-headed ogre
  6966 | D:8      | Killed a two-headed ogre
  6966 | D:8      | Reached skill level 5 in Fighting
  7059 | D:8      | Found Qobrial's Assorted Antiques.
  7315 | D:8      | Reached skill level 7 in Invocations
  7382 | D:9      | Noticed a death yak
  7383 | D:9      | Found a staircase to the Lair.
  7422 | D:9      | Found a blossoming altar of Fedhas.
  7427 | D:9      | Found an ancient bone altar of Kikubaaqudgha.
  7431 | D:9      | Found a radiant altar of Vehumet.
  7434 | D:9      | Found a glowing silver altar of Zin.
  7487 | D:9      | Reached ** piety under Makhleb
  7531 | D:9      | Found Xaok's Food Emporium.
  7594 | D:9      | Found a bloodstained altar of Trog.
  7674 | D:9      | Noticed an elephant
  7702 | D:9      | Killed a death yak
  7702 | D:9      | Reached XP level 10. HP: 88/88 MP: 0/14
  7722 | D:9      | Killed an elephant
  8208 | Lair:1   | Entered Level 1 of the Lair of Beasts
  8208 | Lair:1   | Noticed a spiny frog
  8219 | Lair:1   | Killed a spiny frog
  8219 | Lair:1   | Reached skill level 10 in Necromancy
  8219 | Lair:1   | Reached skill level 8 in Invocations
  8438 | Lair:1   | Reached skill level 5 in Dodging
  8521 | Lair:1   | Reached skill level 9 in Invocations
  8795 | Lair:1   | Reached XP level 11. HP: 89/94 MP: 6/16
  8822 | Lair:1   | Learned a level 7 spell: Summon Hydra
  8845 | Lair:1   | Reached *** piety under Makhleb
  8845 | Lair:1   | Reached skill level 1 in Summonings
  8859 | Lair:1   | Found an iron altar of Okawaru.
  9010 | Lair:1   | Noticed an oklob plant
  9192 | Lair:2   | Reached skill level 10 in Invocations
  9396 | Lair:2   | Noticed Urug
  9406 | Lair:2   | Killed Urug
  9454 | Lair:2   | Learned a level 3 spell: Call Canine Familiar
 11037 | Lair:1   | Identified a scroll of acquirement
 11204 | Lair:3   | Found a staircase to the Snake Pit.
 11321 | Lair:3   | Got a pitted quarterstaff
 11322 | Lair:3   | Identified the +5 quarterstaff of the Forest {holy, +Fly rElec rC+ Dex-5} (You found it on level 3 of the Lair of Beasts)
 11466 | Lair:3   | Found a staircase to the Swamp.
 11494 | Lair:3   | Noticed a mana viper
 11505 | Lair:3   | Killed a mana viper
 11603 | Lair:4   | Reached **** piety under Makhleb
 11607 | Lair:4   | Noticed a seven-headed hydra
 11618 | Lair:4   | Killed a seven-headed hydra
 11618 | Lair:4   | Reached XP level 12. HP: 91/106 MP: 11/16
 11866 | Lair:4   | Reached skill level 5 in Summonings
 11869 | Lair:4   | Reached skill level 11 in Invocations
 12557 | Lair:4   | Reached ***** piety under Makhleb
 12665 | Lair:4   | Noticed Josephine
 12709 | Lair:4   | Killed Josephine
 12929 | Lair:4   | Noticed a seven-headed hydra
 12941 | Lair:4   | Killed a seven-headed hydra
 13102 | Lair:4   | Noticed a four-headed hydra
 13112 | Lair:4   | Killed a four-headed hydra
 13204 | Lair:4   | Noticed an eight-headed hydra
 13212 | Lair:4   | HP: 1/114 [eight-headed hydra (7)]
 13212 | Lair:4   | Slain by an eight-headed hydra

Vault maps used:
D:1:      mushboom_english_gardens
D:3:      portal_sewer_entry_a, minmay_unequal, uniq_grinder
D:4:      chequers_ossuary_entry_cave
D:5:      first_bread, uniq_sigmund
D:6:      minmay_temple_entry_statues
D:7:      serial_shops, nicolae_shop_stone, ashenzari_altar_1,
          uniq_prince_ribbit1, uniq_pikel
D:8:      serial_shops, shop
D:9:      grunt_temple_overflow_cloverleaf, david_lair_generic, basic_altar,
          serial_shops, nicolae_shop_stone, hangedman_fish_farm
Temple:   minmay_crystal_spiral_temple
Lair:1:   beast_lair_carwin_large_1, basic_altar, grunt_megastairs_5,
          minmay_lair_oklob_chamber
Lair:2:   uniq_urug
Lair:3:   wad_woods_settlement, minmay_swamp_entry_worms,
          minmay_snake_entry_guardpost_small
Lair:4:   regret_index_bee_streams, serial_bayou_lagoon_a, uniq_josephine
Sewer:    sewer_co_purgy_island

Skill      XL: |  1  2  3  4  5  6  7  8  9 10 11 12 |
---------------+-------------------------------------+-----
Spellcasting   | 2 3 4 6 7 |  7.0
Stealth        | 3 |  3.0
Dodging        | 3 4 6 9 |  9.0
Maces & Flails | 1 2 3 4 6 7 |  7.0
Necromancy     | 5 6 7 9 10 | 10.7
Fighting       | 1 2 4 5 6 9 |  9.3
Invocations    | 1 3 5 7 9 10 11 | 11.0
Summonings     | 4 7 |  7.0

Action                   |  1- 3 |  4- 6 |  7- 9 | 10-12 || total
-------------------------+-------+-------+-------+-------++-------
Melee: Unarmed           |    11 |       |       |       ||    11
       Club              |     9 |       |       |       ||     9
       Whip              |    58 |    80 |   105 |    99 ||   342
       Morningstar       |       |    46 |   156 |       ||   202
       Battleaxe         |       |     8 |       |       ||     8
       Kick              |       |       |    56 |    18 ||    74
       Eveningstar       |       |       |       |   235 ||   235
 Cast: Pain              |    49 |    46 |    66 |    63 ||   224
       Animate Skeleton  |     1 |     6 |     2 |     6 ||    15
       Vampiric Draining |     9 |    39 |    54 |   274 ||   376
       Animate Dead      |       |       |     1 |       ||     1
       Call Canine Famil |       |       |       |    19 ||    19
Invok: Minor Destruction |       |       |       |   127 ||   127
       Lesser Servant of |       |       |       |     6 ||     6
 Abil: Heal Wounds       |     1 |     4 |    19 |    15 ||    39
  Use: Scroll            |       |     5 |     9 |    17 ||    31
       Potion            |       |       |     2 |     3 ||     5
 Stab: Sleeping          |       |     1 |     1 |       ||     2
       Distracted        |       |       |       |     1 ||     1
  Eat: Chunk             |     4 |    25 |     5 |    19 ||    53
       Fruit             |       |       |       |     2 ||     2
Armor: Robe              |    17 |    35 |    67 |   195 ||   314
Dodge: Dodged            |    96 |   175 |   275 |   887 ||  1433
Block: Other             |       |    17 |       |       ||    17
